AoeStats
← TorukMakto

Socotra

504748094Analyzed
4v4 RM · 27d ago on Sep 6, 2026· 46m 46s· 8 players
Game mode
Random Map
Map size
148×148
Population
200
Speed
Normal
Resources
Standard
Victory
Conquest
Starting age
Dark Age
Ending age
Imperial Age
RankedLock teamsTeams togetherTeam positionsShared explorationLock speedFull tech treeHidden civsTurbo modeCheats
Victory
Defeat
🇨🇳 Ethiopians · China
860
+17
🇨🇳 Khmer · China
828
+18
🇨🇳 Teutons · China
779
+28
🇷🇺 Inca · Russia
890
-18
🇮🇳 Gurjaras · India
880
-22
🇹🇷 Cumans · Türkiye
879
-18
🇩🇪 Teutons · Germany
856
-17
TorukMakto
2:24 Loom
9:56 Feudal Age
12:56 Wheelbarrow
12:06 Town Watch
12:57 Town Watch
13:01 Double-Bit Axe
19:54 Forging
19:49 Scale Barding Armor
22:41 Scale Mail Armor
24:45 Bloodlines
24:59 Padded Archer Armor
24:49 Fletching
31:26 Castle Age
30:26 Scale Barding Armor
33:54 Iron Casting
33:34 Chain Mail Armor
32:42 Pikeman
33:22 Squires
33:08 Elite Skirmisher
33:22 Crossbowman
37:54 Fervor
38:10 Sanctity
38:57 Hand Cart
39:20 Thumb Ring
swa-lmhwra
2:59 Loom
12:32 Feudal Age
18:10 Castle Age
19:10 Double-Bit Axe
19:13 Horse Collar
31:21 Gold Mining
36:07 Bow Saw
36:13 Elite Skirmisher
38:00 Padded Archer Armor
37:50 Fletching
38:33 Forging
38:24 Scale Mail Armor
41:00 Imperial Age
42:28 Heavy Camel Rider
Papanin
3:03 Loom
13:45 Feudal Age
15:31 Wheelbarrow
16:17 Horse Collar
16:24 Double-Bit Axe
17:11 Champi Runner
19:52 Fletching
25:42 Castle Age
25:11 Forging
25:02 Scale Mail Armor
25:06 Gold Mining
25:07 Stone Mining
25:13 Stone Mining
26:49 Bodkin Arrow
27:13 Bow Saw
29:39 Iron Casting
33:25 Hand Cart
34:10 Chain Mail Armor
34:48 Gold Shaft Mining
38:04 Imperial Age
36:01 Ballistics
36:11 Murder Holes
36:01 Pikeman
36:53 Heavy Plow
37:15 Masonry
37:10 Town Watch
37:19 Champi Warrior
38:18 Padded Archer Armor
39:23 Hoardings
41:03 Halberdier
42:23 Bracer
44:28 Chemistry
Hellmut
12:35 Feudal Age
12:38 Loom
12:47 Man-at-Arms
16:25 Horse Collar
19:32 Scale Mail Armor
20:08 Double-Bit Axe
25:23 Castle Age
25:31 Castle Age
25:10 Forging
25:06 Arson
25:57 Pikeman
26:09 Elite Skirmisher
27:10 Long Swordsman
28:09 Chain Mail Armor
30:24 Crossbowman
30:55 Gambesons
32:30 Scale Barding Armor
41:42 Wheelbarrow
40:53 Town Watch
General Brasch
7:31 Loom
14:11 Feudal Age
18:16 Castle Age
17:17 Double-Bit Axe
17:50 Fletching
18:26 Gold Mining
18:17 Crossbowman
19:55 Bow Saw
20:27 Bodkin Arrow
23:50 Thumb Ring
31:46 Wheelbarrow
32:27 Ballistics
32:36 Padded Archer Armor
36:09 Imperial Age
35:21 Masonry
36:21 Gold Shaft Mining
35:36 Stone Mining
36:59 Bracer
38:01 Arbalester
39:42 Horse Collar
41:05 Two-Man Saw
40:24 Capped Ram
41:47 Conscription
43:58 Hand Cart
44:20 Forging
44:12 Scale Mail Armor
44:22 Forging
B站-小伍长-玩战雷的弱智有点多...
11:20 Feudal Age
10:21 Loom
11:54 Double-Bit Axe
11:52 Horse Collar
17:36 Forging
19:29 Castle Age
19:03 Scale Mail Armor
19:25 Stone Mining
21:09 Wheelbarrow
20:30 Gold Mining
21:26 Bow Saw
21:57 Heavy Plow
21:47 Town Watch
26:26 Chain Mail Armor
26:47 Iron Casting
28:20 Siege Engineers
29:01 Guard Tower
29:30 Town Watch
33:11 Fortified Bastions
36:04 Imperial Age
34:29 Fletching
36:05 Hand Cart
36:37 Bodkin Arrow
36:06 Elite Fire Lancer
36:51 Squires
36:40 Arson
37:06 Heavy Rocket Cart
38:56 Chemistry
38:15 Masonry
37:54 Arrowslits
39:33 Bracer
40:33 Blast Furnace
43:57 Thunderclap Bombs
44:08 Conscription
44:26 Hoardings
44:25 Architecture
44:31 Keep
Mr.Bean
11:21 Feudal Age
11:44 Loom
12:05 Double-Bit Axe
12:02 Horse Collar
18:56 Scale Barding Armor
19:03 Forging
20:37 Wheelbarrow
23:14 Castle Age
23:03 Gold Mining
23:34 Bloodlines
26:42 Husbandry
31:16 Gold Shaft Mining
31:21 Chain Barding Armor
31:37 Iron Casting
34:48 Hand Cart
35:47 Stone Mining
43:53 Imperial Age
42:16 Murder Holes
42:42 Ballistics
42:35 Masonry
42:56 Bow Saw
42:51 Heavy Plow
44:58 Conscription
45:22 Hoardings
44:11 Cavalier
45:38 Plate Barding Armor
46:04 Blast Furnace
44:54 Fletching
Exusiai
11:13 Feudal Age
12:36 Loom
14:23 Horse Collar
19:08 Wheelbarrow
20:46 Double-Bit Axe
23:43 Castle Age
24:58 Hand Cart
24:21 Pikeman
25:02 Squires
25:19 Scale Barding Armor
25:37 Forging
35:44 Bloodlines
36:01 Chain Barding Armor
35:46 Heavy Plow
37:47 Iron Casting
Connection lost

Rejoining the realm…

Still unreachable

The connection could not be restored.

Session expired

The server has moved on; the page needs a fresh start.